ElectroGuy, lawful male human Knight ----- ----- |===| |...| -------------- |.==| ##################....| |............| |...| ------- |...-####|............| ----- -|--- |......# --|-- #-............| |...| # |..L..|# # |.............####|>..| # #....@.|# ### -----------|-- #|....#### # #-------# # #######|...| # ----------- ### # # # ##-.-+- ####..........| # # # # ##############|.........| ### # # # ### ##|.........| # # # -------.----- #### |.........| ## # # |....<......| ######### # ----------- ----.--# # |........{..| -.----------.- |.....|# ##............| |............| |.....|# ------------- |............| |......# |............| |.....| -------------- ------- ElectroGuy the Esquire Experience level: 5 Strength: 16 Dexterity: 8 Constitution: 12 Intelligence: 8 Wisdom: 16 Charisma: 17 Health: 0(42) Energy: 42(42) Def: 10 Gold: 329 Moves: 4196 Dungeon seed: ivjhZOPFmuZDeo8O Game ID: ElectroGuy_1577390700 Your Inventory: Coins $ - 329 gold pieces Weapons a - a blessed +1 long sword (weapon in hand) Y - a +0 aklys Armor e - an uncursed +0 pair of high boots (being worn) n - an uncursed +0 helmet (being worn) q - an uncursed +0 small shield (being worn) r - a blessed +0 pair of leather gloves (being worn) y - an uncursed +0 chain mail (being worn) Comestibles f - an uncursed partly eaten food ration J - an uncursed tripe ration K - 2 uncursed food rations S - an uncursed egg Tools P - an uncursed sack Z - a blessed partly used tallow candle (lit) (0:158) Gems b - an uncursed worthless piece of yellow glass z - an uncursed worthless piece of red glass N - an uncursed worthless piece of violet glass Contents of the sack: a +1 lance a +0 sling an uncursed apple 11 uncursed carrots Spells and supernatural/magical abilities: Name Level Category Fail Memory W - pray for help -- divine ? -- X - turn undead -- divine ? -- Y - supernatural jump -- ability ? -- Your skills at the end: Fighting Skills riding [Basic] Weapon Skills long sword [Basic] lance [Basic] Spellcasting Skills Final Attributes: You were piously aligned. You were hallucinating. You could jump. You are dead. Vanquished creatures: a giant mimic a pony a shrieker 2 gnome lords a gnomish wizard a kitten a kobold lord 2 rothes a dwarf zombie a hobbit a large kobold 2 hobgoblins 5 gnomes 5 garter snakes 3 geckos 5 jackals 3 foxes 4 kobolds 2 goblins 2 sewer rats 3 grid bugs 7 lichens 3 kobold zombies 12 newts and a partridge in a pear tree 69 creatures vanquished. Voluntary challenges: You had followed a strict vegetarian diet until turn 3773. You used a wielded weapon 80 times, starting on turn 146. You read items or engraved 6 times, starting on turn 33. You never genocided any monsters. You never polymorphed an object. You never changed form. You used no wishes. You never split a pudding. You never wrote Elbereth's name. You violated your moral code, losing 2 points of alignment, starting on turn 3933. Dungeon overview: The Dungeons of Doom: levels 1 to 4 Level 1 an altar to Lugh, a fountain a long staircase Level 2 Level 3 (saddle) Level 4 <- You were here a jewelry store, a fountain stairs to The Gnomish Mines The Gnomish Mines: Level 5 stairs to The Dungeons of Doom History has recorded: On T:1 you entered the Dungeons of Doom to retrieve the Amulet of Yendor! On T:1074 you advanced to experience level 2. On T:1528 you reached level 2 of The Dungeons of Doom. On T:2177 you advanced to experience level 3. On T:2717 you advanced to experience level 4. On T:2772 you reached level 3 of The Dungeons of Doom. On T:3091 you reached level 4 of The Dungeons of Doom. On T:3771 you advanced to experience level 5. On T:3880 you reached level 1 of The Gnomish Mines. Score breakdown: Gold: 329 ( 8567 points) Experience: 5 levels (11141 points) Exploration: 5 levels ( 9.80%) ( 8485 points) Discoveries: 6 items ( 2.44%) ( 4685 points) Valuables value: (no points given unless you survive) Artifact value: 0 ( 0 points) Variety of kills: 24 monsters ( 6.30%) ( 7529 points) Turncount: 4196 turns (-1095 points) Survival: died (score multiplied by 80%) Total score: 31449 Latest messages: There are a few objects here. You see here 2 gnome corpses. There are a few objects here. You see here a gnome corpse. You are getting the munchies. You stop waiting. Oh wow, like, superior, man! You stop eating. You stop waiting. The nightmare just misses! The Terminator misses. You miss the ogre lord. The gray dragon kicks! The earth elemental misses. You miss the dornbeast. The crocodile kicks! The golden naga misses. You hit the gnome lord! The arch-lich kicks! The venus flytrap bites! You die... Final status: Fare thee well ElectroGuy the Knight, killed by a hallucinogen-distorted pony... You died in The Dungeons of Doom on dungeon level 4 with 31449 points, and 329 pieces of gold, after 4196 moves. You were level 5 with a maximum of 42 hit points when you died.